 Dungeon Crawl Stone Soup version 0.17-a0-1248-g117de50 (webtiles) character file.

1521 Kidiri the Covered (level 8, -6/70 HPs)
             Began as a Minotaur Fighter on June 5, 2015.
             Was a Follower of Okawaru.
             Killed from afar by an orc (11 damage)
             ... with a wand of cold
             ... on level 6 of the Dungeon.
             The game lasted 00:25:13 (5339 turns).

Kidiri the Covered (Minotaur Fighter)               Turns: 5339, Time: 00:25:13

Health: -6/70      AC: 12    Str: 23    XL:     8   Next: 54%
Magic:  7/7        EV:  8    Int:  5    God:    Okawaru [*.....]
Gold:   256        SH: 11    Dex: 10    Spells: 0 memorised, 7 levels left

rFire  . . .     SeeInvis .     a - +0 spear
rCold  . . .     Clarity  .     b - +0 scale mail
rNeg   . . .     SustAt   .     c - +0 shield
rPois  .         Gourm    .     (helmet restricted)
rElec  .         Spirit   .     v - +2 cloak
rCorr  .         Warding  .     (no gloves)
rMut   .         Stasis   .     u - +0 pair of boots
MR     .....                    (no amulet)
Stlth  ..........               (no ring)
                                (no ring)

@: very slightly contaminated, hasted, very quick, not resistant to hostile
enchantments, extremely unstealthy
A: retaliatory headbutt, horns 2
a: Heroism, Renounce Religion


You were on level 6 of the Dungeon.
You worshipped Okawaru.
Okawaru was aware of your devotion.
You were not hungry.

You visited 2 branches of the dungeon, and saw 7 of its levels.

You collected 256 gold pieces.

Inventory:

Hand weapons
 a - a +0 spear (weapon)
 s - a +1 whip of electrocution
Missiles
 h - 42 poisoned needles
Armour
 b - a +0 scale mail (worn)
 c - a +0 shield (worn)
 u - a +0 pair of boots (worn)
 v - a +2 cloak (worn)
Scrolls
 f - a scroll of recharging
 k - 4 scrolls of remove curse
 t - a scroll of teleportation
 w - a scroll of enchant weapon {unknown}
Potions
 d - a potion of might
 g - a potion of resistance {unknown}
 m - 2 potions of brilliance
 n - a potion of flight {unknown}
 o - a potion of lignification {unknown}
 q - 2 potions of magic {unknown}
 r - 2 potions of curing {unknown}
 x - 2 potions of cancellation {unknown}
 z - a potion of degeneration {unknown}
 B - 2 potions of mutation {unknown}
Comestibles
 e - 2 bread rations
 j - 3 meat rations
 l - 7 chunks of flesh
 p - 3 fruits


   Skills:
 + Level 5.9 Fighting
 * Level 7.1 Polearms
 * Level 7.8 Armour
 * Level 7.7 Shields
 + Level 1.3 Invocations


You had 7 spell levels left.
You didn't know any spells.

Dungeon Overview and Level Annotations

Branches:
Dungeon (6/15)             Temple (1/1) D:4

Altars:
Ashenzari
Cheibriados
Dithmenos
Elyvilon
Fedhas
Gozag
Kikubaaqudgha
Makhleb
Nemelex Xobeh
Okawaru
Qazlal
Ru
Sif Muna
Trog
Vehumet
Yredelemnul
The Shining One

Shops:
D:5 *


Innate Abilities, Weirdness & Mutations

You reflexively headbutt those who attack you in melee.
You have a pair of horns on your head.


Message History

The black bear claws you but does no damage.
You closely miss the black bear.
The black bear is heavily wounded.
You block the adder zombie's attack.
The orc zaps a wand.
The bolt of cold misses the gnoll.
The bolt of cold hits the adder zombie.
The adder zombie resists.
The bolt of cold hits you!
* * * LOW HITPOINT WARNING * * *
The black bear completely misses you.
The black bear claws you but does no damage.
The black bear claws you.
* * * LOW HITPOINT WARNING * * *
Drink which item? (? for menu, Esc to quit)
You feel yourself speed up.
The adder zombie bites you but does no damage.
The black bear bites you but does no damage.
You block the black bear's attack. x2
The gnoll hits you but does no damage.
You are very lightly contaminated with residual magic.
The orc zaps a wand.
The bolt of cold hits you!
You die...

..>......g..##
#...#
...........##
##...#
..........##
##....##
(........##
##..g...###
#(......##
#..h.o....##
##....###
#...g......#
###.##
#..Zg....... #
###
#........... ##
##..@....... .#
#.......... .#
##......... .#
##........ .#
##....... .#
#### ....... .#
##..######
....###
.###........##
...##
...#.........##


You could see a black bear, 3 gnolls, an orc and an adder zombie.

Vanquished Creatures
  Pikel (D:4)
  Sigmund (D:2)
  A hungry ghost (D:5)
  A phantom (D:5)
  An ice beast (D:5)
  3 scorpions
  A water moccasin skeleton (D:5)
  3 crimson imps (D:5)
  A hound (D:5)
  2 worker ants (D:5)
  A gnoll (D:6)
  A worker ant zombie (D:5)
  6 adders
  A shadow imp (D:5)
  An ooze (D:1)
  4 worms
  An adder skeleton (D:5)
  A giant gecko (D:2)
  9 orcs
  13 bats
  2 bat skeletons
  7 giant cockroaches
  10 hobgoblins
  10 jackals
  3 quokkas
  3 ball pythons
  A giant gecko skeleton (D:4)
  5 giant newts
  12 goblins
  11 kobolds
  A quokka skeleton (D:5)
  4 rats
122 creatures vanquished.

Vanquished Creatures (others)
  A giant cockroach (D:4)
1 creature vanquished.

Grand Total: 123 creatures vanquished

Notes
Turn   | Place    | Note
--------------------------------------------------------------
     0 | D:1      | Kidiri the Minotaur Fighter began the quest for the Orb.
     0 | D:1      | Reached XP level 1. HP: 19/19 MP: 0/0
     1 | D:1      | You fall through a shaft!
     1 | D:2      | Noticed Sigmund
    17 | D:2      | Found a stormy altar of Qazlal.
   330 | D:1      | Reached XP level 2. HP: 27/27 MP: 1/1
   382 | D:1      | Reached skill level 4 in Armour
   938 | D:1      | Reached XP level 3. HP: 33/33 MP: 2/2
  1370 | D:2      | Reached XP level 4. HP: 29/40 MP: 3/3
  1397 | D:2      | Killed Sigmund
  1397 | D:2      | Reached skill level 5 in Armour
  1397 | D:2      | Reached skill level 5 in Shields
  1397 | D:2      | Reached XP level 5. HP: 27/46 MP: 4/4
  2146 | D:3      | Found a white marble altar of Elyvilon.
  2146 | D:3      | Found a basalt altar of Yredelemnul.
  2296 | D:3      | Found a snail-covered altar of Cheibriados.
  2441 | D:2      | Reached XP level 6. HP: 53/53 MP: 5/5
  2845 | D:4      | Noticed Pikel
  2846 | D:4      | Found a staircase to the Ecumenical Temple.
  2869 | D:4      | HP: 2/53 [Pikel/whip of electrocution (17)]
  2874 | D:4      | Killed Pikel
  2874 | D:4      | Reached skill level 5 in Fighting
  2874 | D:4      | Reached skill level 5 in Polearms
  2874 | D:4      | Reached skill level 6 in Armour
  2874 | D:4      | Reached XP level 7. HP: 23/61 MP: 6/6
  3144 | Temple   | Entered the Ecumenical Temple
  3149 | Temple   | Became a worshipper of Warmaster Okawaru
  3491 | D:5      | Entered Level 5 of the Dungeon
  3814 | D:5      | Reached skill level 7 in Shields
  3832 | D:5      | Reached XP level 8. HP: 65/69 MP: 7/7
  3975 | D:5      | Acquired Okawaru's first power
  4381 | D:5      | Found an opulent altar of Gozag.
  4383 | D:5      | Found Gozag's Platinum Reserve.
  4614 | D:5      | Reached skill level 1 in Invocations
  5339 | D:6      | Killed from afar by an orc

Vault maps used:
D:1:      evilmike_arrival_run_for_it, minivault_19
D:2:      lemuel_crystal_altar, uniq_sigmund
D:3:      cheibriados_altar_1, amethyst_overflow_temple_binary
D:4:      minmay_temple_entry_purple_smoke, uniq_pikel
D:5:      nicolae_gozag_zags_fifth_avenue, first_bread
Temple:   eino_narrow_crystal_temple_a_12

Action                   |  1- 3 |  4- 6 |  7- 9 || total
-------------------------+-------+-------+-------++-------
Melee: Spear             |   111 |   192 |   209 ||   512
  Use: Scroll            |     5 |     1 |     2 ||     8
       Potion            |     1 |     2 |     1 ||     4
  Eat: Chunk             |     1 |     6 |     5 ||    12
       Beef jerky        |       |       |     2 ||     2
